 Dungeon Crawl Stone Soup version 0.29-a0-664-gff9cad4a3d (webtiles) character file.

Game seed: 3578548681400035619

91 DocClef the Changer (level 4, 0/28 HPs)
             Began as an Octopode Transmuter on June 22, 2022.
             Succumbed to an adder's poison
             ... on level 3 of the Dungeon.
             The game lasted 00:02:07 (2630 turns).

DocClef the Changer (Octopode Transmuter)           Turns: 2630, Time: 00:02:08

Health: 0/28       AC:  1    Str: 15    XL:     4   Next: 59%
Magic:  6/7        EV: 13    Int: 17    God:
Gold:   90         SH:  0    Dex: 12    Spells: 6/7 levels left

rFire   . . .      SeeInvis .     - Unarmed
rCold   . . .      Faith    .   (no shield)
rNeg    . . .      Spirit   .   (helmet restricted)
rPois   .          Reflect  .   (no amulet)
rElec   .          Harm     .   o - +6 ring of strength
rCorr   .          Rampage  .   (no ring)
Will    .....                   (no ring)
Stlth   ++........              (no ring)
HPRegen 0.09/turn               (no ring)
MPRegen 0.10/turn               (no ring)
                                (no ring)
                                (no ring)

@: mighty, lethally poisoned (0 -> -2)
A: almost no armour, amphibious, 8 rings, camouflage 1, gelatinous body 1,
(nimble swimmer 1), tentacles
a: no special abilities


You were on level 3 of the Dungeon.
You visited 1 branch of the dungeon, and saw 3 of its levels.

You collected 90 gold pieces.

Inventory:

Jewellery
 o - a +6 ring of strength (left tentacle)
Scrolls
 c - a scroll of poison {unknown}
 d - a scroll of silence {unknown}
 e - a scroll of enchant weapon {unknown}
 f - 2 scrolls of immolation {unknown}
 g - a scroll of blinking {unknown}
 h - 2 scrolls of identify {unknown}
 j - 3 scrolls of teleportation {unknown}
 l - 2 scrolls of fear {unknown}
 p - a scroll of brand weapon {unknown}
Potions
 a - a potion of lignification
 b - a potion of cancellation
 k - 2 potions of curing {unknown}
 m - a potion of magic {unknown}
 n - a potion of heal wounds {unknown}


   Skills:
 - Level 1.0 Fighting
 - Level 2.0 Dodging
 - Level 3.0 Unarmed Combat
 - Level 2.0 Spellcasting
 + Level 4.6 Transmutations


You had 6 spell levels left.
You knew the following spells:

 Your Spells              Type           Power      Damage    Failure   Level
a - Beastly Appendage     Tmut           34%        N/A       2%          1

Your spell library contained the following spells:

 Spells                   Type           Power      Damage    Failure   Level
 Wereblood                Tmut           17%        N/A       4%          2
 Spider Form              Tmut/Pois      9%         N/A       22%         3
 Summon Guardian Golem    Hex/Summ       1%         N/A       50%         3
 Ice Form                 Ice/Tmut       9%         N/A       58%         4
 Orb of Destruction       Conj           0%         9d5       100%        7
 Spellforged Servitor     Conj/Summ      0%         N/A       100%        7


Dungeon Overview and Level Annotations

Branches:
Dungeon (3/15)

Altars:
Elyvilon


Innate Abilities, Weirdness & Mutations

You cannot wear most types of armour.
You are amphibious.
You can wear up to eight rings at the same time.
Your skin changes colour to match your surroundings (Stealth+).
Your rubbery body absorbs attacks. (AC +1, EV +1)
((You are camouflaged when in or above water. (Stealth+)))
You have tentacles for arms and can constrict up to eight enemies at once.


Message History

The adder is lightly wounded.
The adder misses you. The goblin closely misses you.
Casting: Beastly Appendage (safe; 3% risk of failure)
Confirm with . or Enter, or press ? or * to list all spells.
One of your tentacles grows a vicious spike.
The adder bites you. The adder misses you.
You barely miss the adder. Your grab misses the adder.
Your tentacle spike misses the adder.
You squeeze the adder.
The adder is moderately wounded.
The goblin closely misses you. The hobgoblin hits you.
The adder closely misses you.
You tentacle-slap the adder but do no damage.
Your grab misses the adder.
Your tentacle spike misses the adder.
Your squeeze misses the adder.
The adder is moderately wounded.
The goblin closely misses you. The adder bites you.
You are poisoned.
The adder poisons you! The hobgoblin barely misses you.
You closely miss the adder. You grab the adder.
You pierce the adder.
Your squeeze misses the adder.
The adder is heavily wounded.
You constrict the adder.
You feel sick. The adder completely misses you.
The goblin completely misses you. The hobgoblin hits you.
* * * LOW HITPOINT WARNING * * *
Unknown command.
You tentacle-slap the adder. You squeeze the adder.
You kill the adder!
You feel sick. The goblin misses you. The hobgoblin hits you.
* * * LOW HITPOINT WARNING * * *
It was a potion of cancellation.
Your magical effects are unravelling.
You feel magically purged.
Your tentacle spike disappears.
* * * LOW HITPOINT WARNING * * *
You feel sick. The goblin hits you with a +0 dagger.
* * * LOW HITPOINT WARNING * * *
The hobgoblin barely misses you.
It was a potion of might.
You feel very mighty all of a sudden.
You die...

.......#..........'
..)......#..........#
........#..........#
................###
#...........>...#
#...............#
#..............##
#......<......##
######.†@..........##
.....).gg...........#
.......###..........#
....... #..........#
....... #..........#
).....# #..........#
...... #..........#
...... #..........#
...... #..........#


You could see a hobgoblin and a goblin.

Vanquished Creatures
  5 adders
  2 worms
  2 dart slugs
  2 endoplasms
  2 giant cockroaches (D:2)
  2 hobgoblins
  2 jackals (D:1)
  2 kobolds (D:2)
  3 quokkas
  4 ball pythons
  A bat (D:2)
  3 frilled lizards
  3 goblins
  4 rats
37 creatures vanquished.

Notes
Turn   | Place    | Note
-------+----------+-------------------------------------------
     0 | D:1      | DocClef the Octopode Transmuter began the quest for the
                  | Orb.
     0 | D:1      | Reached XP level 1. HP: 13/13 MP: 3/3
   195 | D:1      | Found a faded altar of an unknown god.
   199 | D:1      | Reached XP level 2. HP: 16/18 MP: 5/5
   239 | D:1      | You fall into a shaft and drop 1 floor!
   261 | D:2      | Found a white marble altar of Elyvilon.
   301 | D:2      | Reached skill level 3 in Transmutations
   307 | D:2      | Reached XP level 3. HP: 21/23 MP: 6/6
   589 | D:2      | Reached skill level 4 in Transmutations
  1415 | D:2      | Reached XP level 4. HP: 28/28 MP: 7/7
  2039 | D:3      | Identified the +1 leather armour "Goymiongeu" {Harm rCorr
                  | SInv}
  2629 | D:3      | HP: 1/28 [goblin/+0 dagger (2)]
  2630 | D:3      | Succumbed to an adder's poison

Illustrated notes

Levels and vault maps discovered:
D:1:      lemuel_arrival_hallway, layout_rooms, basic_ecumenical_altar
D:2:      layout_basic, basic_altar
D:3:      layout_basic, kennysheep_generic_room_15

Skill      XL: |  1  2  3 |
---------------+----------+-----
Transmutations | 3 4 |  4.6
Fighting       | |  1.0
Dodging        | |  2.0
Unarmed Combat | |  3.0
Spellcasting   | |  2.0

Action                   |  1- 3 |  4- 6 || total
-------------------------+-------+-------++-------
Melee: Unarmed           |    68 |    32 ||   100
       Constrict         |    18 |     7 ||    25
       Tentacles         |    17 |    11 ||    28
       Kick              |     1 |     4 ||     5
       Punch             |     1 |     1 ||     2
 Cast: Beastly Appendage |     3 |     3 ||     6
  Use: Potion            |       |     2 ||     2
 Stab: Sleeping          |     4 |     2 ||     6
Armor: Skin              |     2 |     2 ||     4
Dodge: Dodged            |    36 |    38 ||    74

Table legend: (Time is in decaauts)
 A = Elapsed time spent in this place.
 B = Non-inter-level travel time spent in this place.
 C = Inter-level travel time spent in this place.
 D = Time resting spent in this place.
 E = Time spent auto-exploring this place.
 F = Levels seen in this place.
 G = Mean time per level.
                   A        B        C        D        E       F      G
               +--------+--------+--------+--------+--------+-----+--------+
         Total |   2624 |   2541 |     83 |    161 |   2059 |   3 |  874.7 |
       Dungeon |   2624 |   2541 |     83 |    161 |   2059 |   3 |  874.7 |
               +--------+--------+--------+--------+--------+-----+--------+

Top non-repeatable levels by time:
     D:2: 1616 daAuts
     D:1: 534 daAuts
     D:3: 473 daAuts
